AoeStats
← WynGoyo

Black Forest

505628975Analyzed
2v2 RM · 21d ago on Sep 10, 2026· 69m 17s· 4 players
Game mode
Random Map
Map size
Medium (4 player)
Population
200
Speed
Normal
Resources
Standard
Victory
Conquest
Starting age
Dark Age
Ending age
Imperial Age
RankedLock teamsTeams togetherTeam positionsShared explorationLock speedFull tech treeHidden civsTurbo modeCheats
Victory
Defeat
🇯🇵 Spanish · Japan
485
+17
🇪🇸 Celts · Spain
367
+21
🇪🇸 Georgians · Spain
495
-19
🇪🇸 Spanish · Spain
486
-19
Joze
12:32 Feudal Age
14:11 Wheelbarrow
14:33 Double-Bit Axe
14:33 Horse Collar
19:23 Town Watch
24:57 Fletching
25:08 Scale Mail Armor
25:09 Padded Archer Armor
25:22 Forging
25:10 Gold Mining
25:14 Stone Mining
27:42 Castle Age
28:48 Thumb Ring
29:09 Leather Archer Armor
28:50 Bodkin Arrow
29:13 Caravan
30:56 Chain Mail Armor
31:19 Coinage
31:02 Pikeman
31:42 Squires
35:48 Hand Cart
35:45 Bow Saw
36:54 Heavy Plow
40:14 Stone Shaft Mining
44:50 Imperial Age
45:30 Iron Casting
45:57 Halberdier
48:38 Hoardings
49:02 Elite Conquistador
50:48 Man-at-Arms
55:52 Town Patrol
57:14 Blast Furnace
WynGoyo
11:40 Feudal Age
12:15 Double-Bit Axe
12:22 Horse Collar
14:40 Gold Mining
18:23 Stone Mining
20:57 Scale Barding Armor
25:32 Wheelbarrow
30:54 Castle Age
32:34 Husbandry
32:46 Bloodlines
33:43 Loom
36:33 Svan Towers
43:26 Imperial Age
43:34 Stone Shaft Mining
45:07 Hoardings
49:55 Elite Monaspa
50:46 Aznauri Cavalry
55:11 Chain Barding Armor
57:19 Plate Barding Armor
PremixedHail436
0:28 Loom
17:20 Feudal Age
18:11 Feudal Age
21:31 Horse Collar
22:10 Man-at-Arms
22:37 Arson
24:45 Bloodlines
25:48 Padded Archer Armor
25:53 Town Watch
26:38 Scale Mail Armor
27:14 Gold Mining
27:18 Stone Mining
30:22 Wheelbarrow
31:14 Fletching
36:20 Castle Age
40:16 Scale Barding Armor
40:34 Forging
40:28 Double-Bit Axe
42:43 Stone Shaft Mining
42:21 Bow Saw
42:17 Heavy Plow
42:35 Chain Mail Armor
42:39 Leather Archer Armor
43:48 Bodkin Arrow
44:16 Chain Barding Armor
44:34 Iron Casting
44:12 Caravan
45:16 Inquisition
45:56 Sanctity
45:36 Devotion
45:47 Redemption
45:38 Atonement
45:48 Fervor
45:34 Herbal Medicine
46:02 Heresy
45:16 Elite Skirmisher
46:02 Thumb Ring
45:45 Gambesons
46:21 Husbandry
47:19 Ballistics
46:50 Guard Tower
47:10 Fortified Wall
47:23 Masonry
49:39 Murder Holes
53:02 Imperial Age
50:56 Hand Cart
50:46 Town Patrol
51:55 Light Cavalry
53:07 Heavy Cavalry Archer
54:13 Conscription
53:29 Sappers
54:35 Hoardings
55:09 Chemistry
55:57 Two-Man Saw
55:27 Illumination
55:18 Block Printing
55:39 Theocracy
55:41 Guilds
54:56 Cavalier
57:29 Bombard Tower
56:57 Arrowslits
57:44 Architecture
57:50 Keep
58:12 Squires
59:33 Supremacy
60:45 Plate Barding Armor
60:41 Plate Mail Armor
61:26 Blast Furnace
61:10 Elite Conquistador
64:03 Ring Archer Armor
63:35 Bracer
65:46 Pikeman
65:47 Long Swordsman
67:07 Two-Handed Swordsman
Guildermen
0:33 Loom
12:48 Feudal Age
14:57 Double-Bit Axe
16:11 Town Watch
16:20 Gold Mining
18:50 Forging
22:28 Castle Age
21:05 Stone Mining
21:30 Forging
21:32 Horse Collar
22:01 Scale Mail Armor
22:05 Arson
22:18 Man-at-Arms
24:04 Gambesons
24:48 Long Swordsman
33:44 Fletching
34:30 Iron Casting
34:12 Chain Mail Armor
34:00 Town Patrol
34:37 Wheelbarrow
34:03 Murder Holes
34:19 Masonry
34:20 Fortified Wall
34:30 Treadmill Crane
41:12 Stronghold
41:56 Ballistics
41:36 Bodkin Arrow
41:57 Bow Saw
47:08 Imperial Age
47:14 Pikeman
49:33 Blast Furnace
48:35 Herbal Medicine
48:45 Caravan
50:39 Hand Cart
52:51 Conscription
56:26 Plate Mail Armor
56:13 Fervor
56:59 Heavy Plow
60:18 Stone Shaft Mining
60:20 Gold Shaft Mining
63:22 Chemistry
62:47 Elite Skirmisher
62:57 Crossbowman
Connection lost

Rejoining the realm…

Still unreachable

The connection could not be restored.

Session expired

The server has moved on; the page needs a fresh start.